 Dungeon Crawl Stone Soup version 0.28.0-47-ge53b351184 (webtiles) character file.

Game seed: 12400372418144070147

2992 Peloso the Carver (level 9, -1/79 HPs)
             Began as a Minotaur Fighter on Apr 25, 2022.
             Was a Believer of Okawaru.
             Killed by nerve-wracking pain
             ... invoked by a shadow imp
              (13 damage)
             ... on level 7 of the Dungeon.
             The game lasted 00:11:53 (6903 turns).

Peloso the Carver (Minotaur Fighter)                Turns: 6903, Time: 00:11:53

Health: -1/79      AC: 17    Str: 23    XL:     9   Next: 54%
Magic:  8/8        EV:  7    Int:  5    God:    Okawaru [**....]
Gold:   468        SH:  9    Dex: 12    Spells: 8/8 levels left

rFire   . . .      SeeInvis .   a - +3 long sword
rCold   . . .      Faith    .   o - +0 kite shield
rNeg    . . .      Spirit   .   H - +0 plate armour
rPois   +          Reflect  .   (helmet restricted)
rElec   .          Harm     .   (no cloak)
rCorr   .          Rampage  .   m - +1 pair of gloves
Will    .....                   E - +0 pair of boots
Stlth   ..........              (no amulet)
HPRegen 0.23/turn               v - ring of poison resistance
MPRegen 0.11/turn               (no ring)

@: no status effects
A: horns 2, retaliatory headbutt
a: Renounce Religion, Heroism


You were on level 7 of the Dungeon.
You worshipped Okawaru.
Okawaru was pleased with you.
You visited 2 branches of the dungeon, and saw 8 of its levels.

You collected 468 gold pieces.

Inventory:

Hand Weapons
 a - a +3 long sword (weapon)
 b - a +0 hand axe of flaming
Missiles
 J - 2 throwing nets (quivered)
Armour
 c - a +0 buckler
 m - a +1 pair of gloves (worn)
 o - a +0 kite shield (worn)
 E - a +0 pair of boots (worn)
 H - a +0 plate armour (worn)
Jewellery
 v - a ring of poison resistance (left hand)
 x - a ring of positive energy
 I - a ring of see invisible
Wands
 y - a wand of iceblast (6)
 z - a wand of digging (7)
 B - a wand of acid (7)
Scrolls
 f - a scroll of acquirement
 g - 2 scrolls of amnesia
 i - a scroll of holy word
 j - 4 scrolls of teleportation
 k - a scroll of fog {unknown}
 p - 2 scrolls of summoning {unknown}
 q - a scroll of blinking
 r - a scroll of immolation {unknown}
 F - a scroll of noise {unknown}
 G - 4 scrolls of identify
Potions
 d - 3 potions of might
 e - 4 potions of berserk rage
 h - a potion of resistance
 l - 3 potions of mutation
 n - a potion of ambrosia {unknown}
 s - a potion of invisibility {unknown}
 t - a potion of flight {unknown}
 u - 3 potions of magic {unknown}
 w - 4 potions of curing {unknown}
 C - 2 potions of heal wounds {unknown}
 D - a potion of brilliance {unknown}


   Skills:
 + Level 7.5 Fighting
 + Level 10.5 Long Blades
 + Level 8.7 Armour
 + Level 4.3 Dodging
 + Level 1.1 Stealth
 + Level 5.4 Shields


You had 8 spell levels left.
You didn't know any spells.
Your spell library contained the following spells:

 Spells                   Type           Power      Damage    Failure   Level
 Apportation              Tloc           0%         N/A       100%        1
 Beastly Appendage        Tmut           0%         N/A       100%        1
 Portal Projectile        Hex/Tloc       0%         N/A       100%        3
 Stone Arrow              Conj/Erth      0%         3d7       100%        3
 Cause Fear               Hex            0%         N/A       100%        4
 Petrify                  Tmut/Erth      0%         N/A       100%        4
 Dragon Form              Tmut           0%         N/A       100%        7
 Lehudib's Crystal Spear  Conj/Erth      0%         10d2      100%        8
 Animate Armour           Summ/Erth      Unusable   N/A       N/A         4
 Dragon's Call            Summ           Unusable   N/A       N/A         9

Dungeon Overview and Level Annotations

Branches:
Dungeon (7/15)             Temple (1/1) D:5

Altars:
Ashenzari
Dithmenos
Fedhas
Kikubaaqudgha
Nemelex Xobeh
Okawaru
Qazlal
Ru
Wu Jian
Zin
The Shining One


Innate Abilities, Weirdness & Mutations

You have a pair of horns on your head.
You reflexively headbutt those who attack you in melee.


Message History

The bolt of electricity hits you. Something hits you but does no damage.
The shadow imp gestures at you. Pain shoots through your body!
The orc wizard mumbles some strange words.
The orc wizard flickers and vanishes!
Items here: ( )) [.
Unknown command.
Something hits you but does no damage. You block the shadow imp's attack.
Something completely misses you.
The electric eel shoots out a bolt of lightning at you!
The bolt of electricity hits you.
Unknown command.
Something hits you but does no damage. Something hits you.
You closely miss something. Something hits you but does no damage.
The shadow imp hits you. Something hits you but does no damage.
The electric eel shoots out a bolt of lightning at you!
The bolt of electricity hits something!
The bolt of electricity hits you!
Unknown command.
You slash something! Okawaru accepts your kill.
Reactivating autopickup.
You feel a bit more experienced.
You hear some strange, mumbled words.
A magic dart appears from out of thin air!
Deactivating autopickup; reactivate with Ctrl-A.
The magic dart hits you!
* * * LOW HITPOINT WARNING * * *
The shadow imp hits you but does no damage.
The shadow imp hits you.
* * * LOW HITPOINT WARNING * * *
The electric eel shoots out a bolt of lightning at you!
The bolt of electricity hits you.
* * * LOW HITPOINT WARNING * * *
There is an open door, spattered with blood here.
Things that are here:
a +0 dagger; a +0 robe The shadow imp gestures at you.
Pain shoots through your body!
You die...

#######
##################.....#
.......#.........#.....#
.......#.........#.....#
.......#.........5{....#
#####'##.........#.)...#
#.....##........@#.....#
.................#.....#
.................#.....#
#...............>#.....#
#................#....SS≈
########.........#:..♣≈≈≈
#.....##)).......#.≈♣P≈≈P≈
....))#..........#
#.....'..........♣♣


You could see a shadow imp.

Vanquished Creatures
  A troll (D:7)
  Sigmund (D:5)
  A water moccasin (D:4)
  An orc warrior (D:7)
  3 black bears
  3 ogres
  2 centaurs
  3 phantoms
  A wyvern zombie (D:7)
  A bullfrog (D:7)
  2 gnoll sergeants
  2 scorpions
  A water moccasin skeleton (D:4)
  7 wights
  An electric eel (D:7)
  A howler monkey (D:6)
  A bullfrog zombie (D:6)
  3 bullfrog skeletons
  2 centaur zombies
  4 hounds
  A jelly (D:5)
  A centaur skeleton (D:7)
  An iguana (D:5)
  4 orc wizards
  A howler monkey zombie (D:7)
  9 gnolls
  2 howler monkey skeletons (D:4)
  6 adders
  A shadow imp (D:4)
  A white imp (D:5)
  A worm (D:2)
  A dart slug (D:3)
  15 orcs
  5 bats
  5 endoplasms
  5 giant cockroaches
  3 goblins
  8 hobgoblins
  7 kobolds
  2 quokkas
  5 ball pythons
  2 frilled lizards
127 creatures vanquished.

Vanquished Creatures (others)
  An orc (D:7)
  41 plants (D:7)
42 creatures vanquished.

Grand Total: 169 creatures vanquished

Notes
Turn   | Place    | Note
-------+----------+-------------------------------------------
     0 | D:1      | Peloso the Minotaur Fighter began the quest for the Orb.
     0 | D:1      | Reached XP level 1. HP: 19/19 MP: 0/0
   341 | D:1      | Reached XP level 2. HP: 26/27 MP: 1/1
   597 | D:1      | Found a faded altar of an unknown god.
  1079 | D:2      | Found a stormy altar of Qazlal.
  1179 | D:2      | Got the Disquisition on Unstable Orientation
  1200 | D:2      | Reached skill level 3 in Long Blades
  1245 | D:2      | Reached XP level 3. HP: 30/33 MP: 2/2
  1269 | D:2      | Noticed a black bear
  1287 | D:2      | Killed a black bear
  1288 | D:2      | Reached skill level 4 in Long Blades
  1288 | D:2      | Reached XP level 4. HP: 32/41 MP: 3/3
  1458 | D:2      | You fall into a shaft and drop 2 floors!
  1563 | D:4      | Reached XP level 5. HP: 47/47 MP: 4/4
  1660 | D:4      | Reached skill level 1 in Dodging
  1970 | D:3      | Found a sparkling altar of Nemelex Xobeh.
  2134 | D:3      | Reached skill level 5 in Armour
  2135 | D:3      | Reached skill level 5 in Long Blades
  2663 | D:3      | Reached XP level 6. HP: 54/55 MP: 5/5
  2870 | D:4      | Noticed a water moccasin
  2876 | D:4      | Killed a water moccasin
  2877 | D:4      | Reached skill level 5 in Fighting
  2940 | D:4      | Found a blossoming altar of Fedhas.
  3042 | D:4      | Reached skill level 6 in Long Blades
  3241 | D:4      | Identified a scroll of acquirement
  3655 | D:5      | Entered Level 5 of the Dungeon
  3706 | D:5      | Reached XP level 7. HP: 56/61 MP: 6/6
  4090 | D:5      | Reached skill level 7 in Long Blades
  4321 | D:5      | Reached XP level 8. HP: 67/70 MP: 7/7
  4404 | D:5      | Found a staircase to the Ecumenical Temple.
  4407 | D:5      | Noticed Sigmund
  4455 | D:5      | Killed Sigmund
  4456 | D:5      | Reached skill level 8 in Long Blades
  4726 | D:5      | Found a broken altar of Ashenzari.
  4727 | D:5      | Found a shadowy altar of Dithmenos.
  5091 | Temple   | Entered the Ecumenical Temple
  5102 | Temple   | Became a worshipper of Warmaster Okawaru
  5272 | D:5      | Reached skill level 1 in Stealth
  5627 | D:6      | Reached skill level 9 in Long Blades
  5711 | D:6      | Reached skill level 5 in Shields
  5958 | D:6      | Reached * piety under Okawaru
  5972 | D:6      | Reached XP level 9. HP: 45/78 MP: 8/8
  6354 | D:7      | Reached skill level 10 in Long Blades
  6613 | D:7      | Noticed a troll
  6621 | D:7      | Killed a troll
  6660 | D:7      | Reached ** piety under Okawaru
  6903 | D:7      | Killed from afar by a shadow imp

Illustrated notes

Levels and vault maps discovered:
D:1:      tarquinn_simple_flora_water_e, layout_basic,
          chequers_ecumenical_altar_island, serial_bayou_pond_d
D:2:      layout_rooms, basic_altar, nrook_mini_vaults
D:3:      layout_loops_ring, old_standard_altar
D:4:      layout_cave_pools, old_standard_altar
D:5:      minmay_recursive_quarters, layout_basic,
          mainiacjoe_overflow_divided_tiny, minmay_temple_entry_offerings,
          amcnicky_mini_corridor_feature, uniq_sigmund
D:6:      layout_rooms
D:7:      layout_gridville, serial_bayou, serial_bayou_pond_b,
          serial_bayou_lagoon_b, serial_bayou_lake_a, serial_bayou_pond_e,
          serial_bayou_crossing
Temple:   compressed_dpeg_circular_temple

Skill      XL: |  1  2  3  4  5  6  7  8  9 |
---------------+----------------------------+-----
Fighting       | 4 5 6 7 |  7.5
Armour         | 4 5 6 7 8 |  8.7
Long Blades    | 3 4 5 6 7 9 10 | 10.5
Shields        | 4 5 |  5.4
Dodging        | 1 2 3 4 |  4.3
Stealth        | 1 |  1.1

Action                   |  1- 3 |  4- 6 |  7- 9 || total
-------------------------+-------+-------+-------++-------
Melee: Long sword        |    52 |    97 |   231 ||   380
       Headbutt          |     8 |    15 |    45 ||    68
Invok: Heroism           |       |       |     1 ||     1
  Use: Scroll            |     5 |     5 |     1 ||    11
       Potion            |     1 |       |       ||     1
Armor: Scale mail        |    25 |    78 |    95 ||   198
       Plate armour      |       |       |    48 ||    48
Dodge: Dodged            |    24 |    65 |   105 ||   194
Block: Buckler           |     8 |    24 |    57 ||    89
       Kite shield       |       |       |    11 ||    11
